| TOP OF THE 1ST |
|
Jackson Generals batting - Pitching for Northwest Arkansas Naturals : LHP Joel Page
|
|
Pitching: LHP Joel Page
|
|
|
Batting: SHB Detlef Oursler
|
0-0: Called Strike 0-1: Foul Ball, location: 2F 0-2: Strikes out swinging
|
|
Batting: RHB Josh Ruhl
|
0-0: Ball 1-0: Called Strike 1-1: SINGLE (Groundball, 56D, EV 98.8 MPH)
|
|
Batting: SHB Jose Castillo
|
0-0: Ball 1-0: Swinging Strike 1-1: Ball 2-1: Foul Ball, location: 2F 2-2: Foul Ball, location: 2F 2-2: Strikes out swinging
|
|
Batting: RHB Sean Peake
|
0-0: Ball 1-0: 2-RUN HOME RUN (Flyball, 7LD, EV 93.1 MPH), Distance : 351 ft
|
|
Batting: RHB Robby Cuellar
|
0-0: Ground out 6-3 (Groundball, 6, EV 76.9 MPH)
|
| Top of the 1st over - 2 runs, 2 hits, 0 errors, 0 left on base; Jackson 2 - Northwest Arkansas 0 |
| BOTTOM OF THE 1ST |
|
Northwest Arkansas Naturals batting - Pitching for Jackson Generals : RHP Trevor Jacobsen
|
|
Pitching: RHP Trevor Jacobsen
|
|
|
Batting: RHB Danny Weisse
|
0-0: Ball 1-0: Foul Ball, location: 2F 1-1: Foul Ball, location: 2F 1-2: Strikes out swinging
|
|
Batting: RHB Yi-lin Niu
|
0-0: Swinging Strike 0-1: Ball 1-1: Foul Ball, location: 2F 1-2: Ball 2-2: Foul Ball, location: 2F 2-2: Strikes out swinging
|
|
Batting: RHB Kevin Roseen
|
0-0: Swinging Strike 0-1: Foul Ball, location: 2F 0-2: Strikes out swinging
|
| Bottom of the 1st over - 0 runs, 0 hits, 0 errors, 0 left on base; Jackson 2 - Northwest Arkansas 0 |
| TOP OF THE 2ND |
|
Jackson Generals batting - Pitching for Northwest Arkansas Naturals : LHP Joel Page
|
|
Batting: LHB Jawad Fahad
|
0-0: Foul Ball, location: 2F 0-1: Swinging Strike 0-2: Strikes out swinging
|
|
Batting: LHB Tom Reynolds
|
0-0: Fly out, F8 (Flyball, 8RD, EV 88.1 MPH)
|
|
Batting: SHB Tony de Lara
|
0-0: Called Strike 0-1: Ball 1-1: Called Strike 1-2: Strikes out swinging
|
| Top of the 2nd over - 0 runs, 0 hits, 0 errors, 0 left on base; Jackson 2 - Northwest Arkansas 0 |
| BOTTOM OF THE 2ND |
|
Northwest Arkansas Naturals batting - Pitching for Jackson Generals : RHP Trevor Jacobsen
|
|
Batting: RHB Alex Cid
|
0-0: Called Strike 0-1: Ball 1-1: Ball 2-1: Foul Ball, location: 2F 2-2: Ball 3-2: Strikes out swinging
|
|
Batting: SHB Jason Anaya
|
0-0: SINGLE (Groundball, 56D, EV 96.9 MPH)
|
|
Batting: LHB Josh Moore
|
0-0: Ball 1-0: Ball 2-0: Ball 3-0: Called Strike 3-1: Foul Ball, location: 2F 3-2: Strikes out looking
|
|
Batting: RHB Kevin Allen
|
0-0: Ball 1-0: Foul Ball, location: 2F 1-1: Ball 2-1: Foul Ball, location: 2F 2-2: Foul Ball, location: 2F 2-2: Ball 3-2: Foul Ball, location: 2F 3-2: Ground out 4-3 (Groundball, 4, EV 103.1 MPH)
|
| Bottom of the 2nd over - 0 runs, 1 hit, 0 errors, 1 left on base; Jackson 2 - Northwest Arkansas 0 |
| TOP OF THE 3RD |
|
Jackson Generals batting - Pitching for Northwest Arkansas Naturals : LHP Joel Page
|
|
Batting: RHB Matt Berkley
|
0-0: Reached on error, E5 (Groundball, 56, EV 86.9 MPH)
|
|
Batting: SHB Detlef Oursler
|
0-0: SINGLE (Groundball, 34D, EV 97.5 MPH) Matt Berkley to third Runner from 3rd tries for Home, throw by RF and OUT! 9-2 Detlef Oursler to second
|
|
Batting: RHB Josh Ruhl
|
0-0: Ball 1-0: Foul Ball, location: 2F 1-1: Ball Detlef Oursler steals 3rd base 2-1: Ball 3-1: Base on Balls
|
|
Batting: SHB Jose Castillo
|
0-0: Foul Ball, location: 2F 0-1: Foul Ball, location: 2F 0-2: Strikes out swinging
|
|
Batting: RHB Sean Peake
|
0-0: Ball 1-0: DOUBLE (Line Drive, 7LS, EV 99.4 MPH) Detlef Oursler scores Josh Ruhl to third Runner from 3rd tries for Home, SAFE, no throw by LF
|
|
Batting: RHB Robby Cuellar
|
0-0: Ball 1-0: Ball 2-0: Ball 3-0: Called Strike 3-1: Base on Balls
|
|
Batting: LHB Jawad Fahad
|
0-0: Called Strike 0-1: Swinging Strike 0-2: Ball 1-2: Ball 2-2: Strikes out swinging
|
| Top of the 3rd over - 2 runs, 2 hits, 1 error, 2 left on base; Jackson 4 - Northwest Arkansas 0 |
| BOTTOM OF THE 3RD |
|
Northwest Arkansas Naturals batting - Pitching for Jackson Generals : RHP Trevor Jacobsen
|
|
Batting: RHB Ben Minge
|
0-0: Called Strike 0-1: Ball 1-1: Swinging Strike 1-2: Foul Ball, location: 2F 1-2: Ground out 4-3 (Groundball, 4, EV 81.9 MPH)
|
|
Batting: RHB Matthew Orphan
|
0-0: Ball 1-0: Foul Ball, location: 2F 1-1: Ground out 5-3 (Groundball, 5, EV 90.6 MPH)
|
|
Batting: RHB Danny Weisse
|
0-0: Called Strike 0-1: Called Strike 0-2: SINGLE (Line Drive, 34, EV 100.6 MPH)
|
|
Batting: RHB Yi-lin Niu
|
0-0: Ball 1-0: Called Strike 1-1: Ball Danny Weisse steals 2nd base (no throw) 2-1: Ball 3-1: Foul Ball, location: 2F 3-2: Foul Ball, location: 2F 3-2: Strikes out looking
|
| Bottom of the 3rd over - 0 runs, 1 hit, 0 errors, 1 left on base; Jackson 4 - Northwest Arkansas 0 |
| TOP OF THE 4TH |
|
Jackson Generals batting - Pitching for Northwest Arkansas Naturals : LHP Joel Page
|
|
Batting: LHB Tom Reynolds
|
0-0: Ball 1-0: Ball 2-0: Ball 3-0: Called Strike 3-1: Ground out 3-1 (Groundball, 34S, EV 85.0 MPH)
|
|
Batting: SHB Tony de Lara
|
0-0: Ball 1-0: Ball 2-0: Ball 3-0: Base on Balls
|
|
Batting: RHB Matt Berkley
|
0-0: Grounds into double play, 5-4-3 (Groundball, 5, EV 80.6 MPH)
|
| Top of the 4th over - 0 runs, 0 hits, 0 errors, 0 left on base; Jackson 4 - Northwest Arkansas 0 |
| BOTTOM OF THE 4TH |
|
Northwest Arkansas Naturals batting - Pitching for Jackson Generals : RHP Trevor Jacobsen
|
|
Batting: RHB Kevin Roseen
|
0-0: Foul Ball, location: 2F 0-1: Ball 1-1: Called Strike 1-2: Ground out 6-3 (Groundball, 6, EV 93.8 MPH)
|
|
Batting: RHB Alex Cid
|
0-0: Ball 1-0: Ball 2-0: Foul Ball, location: 2F 2-1: Called Strike 2-2: Fly out, F9 (Flyball, 89D, EV 108.1 MPH)
|
|
Batting: SHB Jason Anaya
|
0-0: Ball 1-0: Foul Ball, location: 2F 1-1: Ball 2-1: Foul Ball, location: 2F 2-2: Ball 3-2: Foul Ball, location: 2F 3-2: Strikes out looking
|
| Bottom of the 4th over - 0 runs, 0 hits, 0 errors, 0 left on base; Jackson 4 - Northwest Arkansas 0 |
| TOP OF THE 5TH |
|
Jackson Generals batting - Pitching for Northwest Arkansas Naturals : LHP Joel Page
|
|
Batting: SHB Detlef Oursler
|
0-0: Ball 1-0: Ball 2-0: Ball 3-0: Base on Balls
|
|
Batting: RHB Josh Ruhl
|
0-0: Ball Detlef Oursler steals 2nd base 1-0: Ball 2-0: Swinging Strike 2-1: Foul Ball, location: 2F 2-2: Foul Ball, location: 2F 2-2: Strikes out swinging
|
|
Batting: SHB Jose Castillo
|
0-0: Ball Detlef Oursler steals 3rd base 1-0: Fly out, F8 (Flyball, 8LM, EV 82.5 MPH) Runner from 3rd tags up, SCORES, no throw by CF
|
|
Batting: RHB Sean Peake
|
0-0: Called Strike 0-1: Foul Ball, location: 2F 0-2: Foul Ball, location: 2F 0-2: Ball 1-2: Strikes out swinging
|
| Top of the 5th over - 1 run, 0 hits, 0 errors, 0 left on base; Jackson 5 - Northwest Arkansas 0 |
| BOTTOM OF THE 5TH |
|
Northwest Arkansas Naturals batting - Pitching for Jackson Generals : RHP Trevor Jacobsen
|
|
Batting: LHB Josh Moore
|
0-0: Called Strike 0-1: Ball 1-1: Ground out 4-3 (Groundball, 4MS, EV 91.9 MPH)
|
|
Batting: RHB Kevin Allen
|
0-0: Ball 1-0: Called Strike 1-1: Called Strike 1-2: Strikes out swinging
|
|
Batting: RHB Ben Minge
|
0-0: Foul Ball, location: 2F 0-1: Ball 1-1: Ground out 6-3 (Groundball, 56D, EV 107.5 MPH)
|
| Bottom of the 5th over - 0 runs, 0 hits, 0 errors, 0 left on base; Jackson 5 - Northwest Arkansas 0 |
| TOP OF THE 6TH |
|
Jackson Generals batting - Pitching for Northwest Arkansas Naturals : LHP Joel Page
|
|
Batting: RHB Robby Cuellar
|
0-0: Foul Ball, location: 2F 0-1: Swinging Strike 0-2: Ball 1-2: Foul Ball, location: 2F 1-2: Foul Ball, location: 2F 1-2: Strikes out swinging
|
|
Batting: LHB Jawad Fahad
|
0-0: Called Strike 0-1: Ball 1-1: Foul Ball, location: 2F 1-2: Ball 2-2: Strikes out swinging
|
|
Batting: LHB Tom Reynolds
|
0-0: Foul Ball, location: 2F 0-1: Called Strike 0-2: Ball 1-2: Ball 2-2: Ball 3-2: Base on Balls
|
|
Batting: SHB Tony de Lara
|
0-0: Called Strike 0-1: Hit by Pitch Tom Reynolds to second
|
|
Batting: RHB Matt Berkley
|
0-0: Fielders Choice at 2nd, 5-4 (Groundball, 5, EV 87.5 MPH)
|
| Top of the 6th over - 0 runs, 0 hits, 0 errors, 2 left on base; Jackson 5 - Northwest Arkansas 0 |
| BOTTOM OF THE 6TH |
|
Northwest Arkansas Naturals batting - Pitching for Jackson Generals : RHP Trevor Jacobsen
|
|
Pitching: RHP Chris Julien
|
|
|
Batting: RHB Matthew Orphan
|
0-0: Ground out 6-3 (Groundball, 56D, EV 101.2 MPH)
|
|
Batting: RHB Danny Weisse
|
0-0: Called Strike 0-1: Called Strike 0-2: Ball 1-2: Foul Ball, location: 2F 1-2: Ball 2-2: Ball 3-2: Base on Balls
|
|
Batting: RHB Yi-lin Niu
|
0-0: Ball 1-0: Ball 2-0: Swinging Strike 2-1: Swinging Strike 2-2: Strikes out swinging
|
|
Batting: RHB Kevin Roseen
|
0-0: Ball 1-0: Called Strike 1-1: Ball 2-1: Called Strike 2-2: Ball 3-2: Foul Ball, location: 2F 3-2: Strikes out looking
|
| Bottom of the 6th over - 0 runs, 0 hits, 0 errors, 1 left on base; Jackson 5 - Northwest Arkansas 0 |
| TOP OF THE 7TH |
|
Jackson Generals batting - Pitching for Northwest Arkansas Naturals : LHP Joel Page
|
|
Batting: SHB Detlef Oursler
|
0-0: Ball 1-0: Ball 2-0: Swinging Strike 2-1: DOUBLE (Line Drive, 89XD, EV 105.0 MPH)
|
|
Batting: RHB Josh Ruhl
|
0-0: SINGLE (Line Drive, 8LS, EV 91.2 MPH) Detlef Oursler to third
|
|
Batting: SHB Jose Castillo
|
0-0: Called Strike Josh Ruhl steals 2nd base 0-1: Ball 1-1: Foul Ball, location: 2F 1-2: Ball 2-2: Ball 3-2: Foul Ball, location: 2F 3-2: Foul Ball, location: 2F 3-2: Foul Ball, location: 2F 3-2: Foul Ball, location: 2F 3-2: Ground out 4-3 (Groundball, 4MS, EV 81.2 MPH) Detlef Oursler scores Josh Ruhl to third
|
|
Pitching: RHP Tim Tucker
|
|
|
Batting: RHB Sean Peake
|
0-0: Ball 1-0: Ground out 3-1 (Groundball, 34, EV 78.8 MPH) Josh Ruhl scores
|
|
Batting: RHB Robby Cuellar
|
0-0: Called Strike 0-1: Ball 1-1: Foul Ball, location: 2F 1-2: SINGLE (Flyball, 89S, EV 91.2 MPH)
|
|
Batting: LHB Jawad Fahad
|
0-0: Ball 1-0: Called Strike 1-1: Ball 2-1: Called Strike 2-2: SINGLE (Groundball, 25, EV 70.6 MPH) (infield hit) Robby Cuellar to second
|
|
Batting: LHB Tom Reynolds
|
0-0: Ball 1-0: Ball 2-0: SINGLE (Groundball, 3D, EV 106.2 MPH) Robby Cuellar to third Jawad Fahad to second Runner from 3rd tries for Home, SAFE, throw by RF to home
|
|
Batting: SHB Tony de Lara
|
0-0: Called Strike 0-1: Foul Ball, location: 2F 0-2: Strikes out swinging
|
| Top of the 7th over - 3 runs, 5 hits, 0 errors, 2 left on base; Jackson 8 - Northwest Arkansas 0 |
| BOTTOM OF THE 7TH |
|
Northwest Arkansas Naturals batting - Pitching for Jackson Generals : RHP Chris Julien
|
|
Batting: RHB Alex Cid
|
0-0: Hit by Pitch
|
|
Batting: SHB Jason Anaya
|
0-0: Ball 1-0: Foul Ball, location: 2F 1-1: Ball 2-1: Ball Alex Cid steals 2nd base (no throw) 3-1: Foul Ball, location: 2F 3-2: Strikes out looking
|
|
Batting: LHB Josh Moore
|
0-0: Ball 1-0: Called Strike 1-1: Called Strike 1-2: Strikes out swinging
|
|
Batting: RHB Kevin Allen
|
0-0: Called Strike 0-1: Ball 1-1: Ball 2-1: Ball 3-1: Base on Balls
|
|
Batting: RHB Ben Minge
|
0-0: Foul Ball, location: 2F 0-1: Ball 1-1: Foul Ball, location: 2F 1-2: SINGLE (Groundball, 6D, EV 99.4 MPH) Alex Cid to third Kevin Allen to second Runner from 3rd tries for Home, SAFE, throw by CF to home
|
|
Batting: RHB Matthew Orphan
|
0-0: Ball 1-0: Called Strike 1-1: Called Strike 1-2: SINGLE (Line Drive, 9S, EV 87.5 MPH) Kevin Allen to third Ben Minge to second Throwing error, E9 Kevin Allen scores Ben Minge to third Matthew Orphan to second
|
|
Batting: RHB Danny Weisse
|
0-0: Foul Ball, location: 2F 0-1: Swinging Strike 0-2: Strikes out swinging
|
| Bottom of the 7th over - 2 runs, 2 hits, 1 error, 2 left on base; Jackson 8 - Northwest Arkansas 2 |
| TOP OF THE 8TH |
|
Jackson Generals batting - Pitching for Northwest Arkansas Naturals : RHP Tim Tucker
|
|
Batting: RHB Matt Berkley
|
0-0: Ball 1-0: Ball 2-0: Foul Ball, location: 2F 2-1: Called Strike 2-2: Ball 3-2: Strikes out swinging
|
|
Pitching: RHP Vinny Reveles
|
|
|
Batting: SHB Detlef Oursler
|
0-0: Reached on error, E6 (Groundball, 6, EV 82.5 MPH)
|
|
Batting: RHB Josh Ruhl
|
0-0: Ball 1-0: Ball 2-0: Fly out, F9 (Flyball, 9D, EV 90.6 MPH)
|
|
Batting: SHB Jose Castillo
|
0-0: Called Strike 0-1: Ball Detlef Oursler steals 2nd, throwing error, E2 Detlef Oursler to third 1-1: Ground out U3 (Groundball, 34, EV 82.5 MPH)
|
| Top of the 8th over - 0 runs, 0 hits, 2 errors, 1 left on base; Jackson 8 - Northwest Arkansas 2 |
| BOTTOM OF THE 8TH |
|
Northwest Arkansas Naturals batting - Pitching for Jackson Generals : RHP Chris Julien
|
|
Pitching: RHP Jamie Johnston
|
|
|
Batting: RHB Yi-lin Niu
|
0-0: Ball 1-0: Foul Ball, location: 2F 1-1: Ground out 1-3 (Groundball, 13S, EV 68.8 MPH)
|
|
Batting: RHB Kevin Roseen
|
0-0: Ball 1-0: Ball 2-0: Swinging Strike 2-1: Foul Ball, location: 2F 2-2: Strikes out looking
|
|
Batting: RHB Alex Cid
|
0-0: Foul Ball, location: 2F 0-1: Ball 1-1: Foul Ball, location: 2F 1-2: Strikes out swinging
|
| Bottom of the 8th over - 0 runs, 0 hits, 0 errors, 0 left on base; Jackson 8 - Northwest Arkansas 2 |
| TOP OF THE 9TH |
|
Jackson Generals batting - Pitching for Northwest Arkansas Naturals : RHP Vinny Reveles
|
|
Batting: RHB Sean Peake
|
0-0: Foul Ball, location: 2F 0-1: Ball 1-1: Reached on error, E3 (Groundball, 3, EV 82.5 MPH)
|
|
Batting: RHB Robby Cuellar
|
0-0: Ball 1-0: Foul Ball, location: 2F 1-1: Called Strike 1-2: Ball 2-2: Ball 3-2: DOUBLE (Flyball, 8LXD, EV 108.8 MPH) Sean Peake to third Sean Peake scores
|
|
Batting: LHB Jawad Fahad
|
0-0: Ball 1-0: Foul Ball, location: 2F 1-1: Ball 2-1: Foul Ball, location: 2F 2-2: Foul Ball, location: 2F 2-2: Ball 3-2: Foul Ball, location: 2F 3-2: Base on Balls
|
|
Pitching: RHP Matt Slater
|
|
|
Batting: LHB Tom Reynolds
|
0-0: Called Strike 0-1: Foul Ball, location: 2F 0-2: Fly out, F8 (Flyball, 8LXD, EV 76.9 MPH) Runner from 2nd tags up, SAFE at 3rd, no throw by CF
|
|
Batting: SHB Tony de Lara
|
0-0: Foul Ball, location: 2F 0-1: 3-RUN HOME RUN (Line Drive, 9LD, EV 94.4 MPH), Distance : 371 ft
|
|
Batting: RHB Matt Berkley
|
0-0: Called Strike 0-1: Ball 1-1: Called Strike 1-2: SINGLE (Flyball, 89M, EV 95.6 MPH)
|
|
Batting: SHB Detlef Oursler
|
0-0: Swinging Strike 0-1: Ball 1-1: Ball 2-1: Swinging Strike 2-2: Strikes out swinging
|
|
Batting: RHB Josh Ruhl
|
0-0: Ball 1-0: Ball 2-0: Called Strike 2-1: Swinging Strike 2-2: Strikes out swinging
|
| Top of the 9th over - 4 runs, 3 hits, 1 error, 1 left on base; Jackson 12 - Northwest Arkansas 2 |
| BOTTOM OF THE 9TH |
|
Northwest Arkansas Naturals batting - Pitching for Jackson Generals : RHP Jamie Johnston
|
|
Batting: SHB Jason Anaya
|
0-0: Ball 1-0: Called Strike 1-1: Ball 2-1: Swinging Strike 2-2: Strikes out swinging
|
|
Batting: LHB Josh Moore
|
0-0: Ball 1-0: Ball 2-0: Swinging Strike 2-1: Foul Ball, location: 2F 2-2: Ground out 6-3 (Groundball, 6, EV 91.9 MPH)
|
|
Batting: RHB Kevin Allen
|
0-0: Foul Ball, location: 2F 0-1: Ball 1-1: Foul Ball, location: 2F 1-2: Ball 2-2: Ball 3-2: Strikes out swinging
|
| Bottom of the 9th over - 0 runs, 0 hits, 0 errors, 0 left on base; Jackson 12 - Northwest Arkansas 2 |
|